| TOP OF THE 1ST |
|
Wisconsin Timber Rattlers batting - Pitching for Dayton Dragons : RHP Kevin Larner
|
|
Pitching: RHP Kevin Larner
|
|
|
Batting: RHB Victor Alarcon
|
0-0: Ball 1-0: SINGLE (Groundball, 56S, EV 65.0 MPH) (infield hit)
|
|
Batting: LHB Kwang-chih Men
|
0-0: Called Strike 0-1: Swinging Strike 0-2: Ball 1-2: Strikes out swinging
|
|
Batting: LHB Tyler Francis
|
0-0: Grounds into double play, 4-6-3 (Groundball, 4M, EV 105.0 MPH)
|
| Top of the 1st over - 0 runs, 1 hit, 0 errors, 0 left on base; Wisconsin 0 - Dayton 0 |
| BOTTOM OF THE 1ST |
|
Dayton Dragons batting - Pitching for Wisconsin Timber Rattlers : RHP Dustin Pryor
|
|
Pitching: RHP Dustin Pryor
|
|
|
Batting: RHB Alex de Leon
|
0-0: Fly out, F8 (Flyball, 89D, EV 113.1 MPH)
|
|
Batting: LHB Chris Redhead
|
0-0: Ball 1-0: Ball 2-0: Called Strike 2-1: Foul Ball, location: 2F 2-2: DOUBLE (Flyball, 78D, EV 101.2 MPH)
|
|
Batting: RHB Alex Villagomez
|
0-0: Ball 1-0: Called Strike 1-1: Foul Ball, location: 2F 1-2: Ball 2-2: Hit by Pitch
|
|
Batting: RHB Randy Grewe
|
0-0: Ball 1-0: Ball 2-0: Foul Ball, location: 2F 2-1: Called Strike 2-2: Ball 3-2: SINGLE (Line Drive, 4M, EV 100.6 MPH) Chris Redhead to third Alex Villagomez to second
|
|
Batting: SHB Jaivata Mohanty
|
0-0: Called Strike 0-1: Ball 1-1: Ball 2-1: Swinging Strike 2-2: Strikes out swinging
|
|
Batting: RHB Juan Zamora
|
0-0: Called Strike 0-1: Swinging Strike 0-2: Ball 1-2: Fielders Choice at 2nd, 6-4 (Groundball, 6, EV 81.9 MPH)
|
| Bottom of the 1st over - 0 runs, 2 hits, 0 errors, 3 left on base; Wisconsin 0 - Dayton 0 |
| TOP OF THE 2ND |
|
Wisconsin Timber Rattlers batting - Pitching for Dayton Dragons : RHP Kevin Larner
|
|
Batting: LHB Mark Backstrom
|
0-0: Called Strike 0-1: Ball 1-1: Ball 2-1: Foul Ball, location: 2F 2-2: Ground out 6-3 (Groundball, 4, EV 78.8 MPH)
|
|
Batting: RHB Jose Cerritos
|
0-0: Ball 1-0: SINGLE (Groundball, 34D, EV 93.8 MPH)
|
|
Batting: LHB Greg Reedy
|
0-0: Ball 1-0: Called Strike 1-1: Fly out, F8 (Line Drive, 8RM, EV 101.9 MPH)
|
|
Batting: RHB Dan Allred
|
0-0: Ball 1-0: Called Strike 1-1: Ball 2-1: Foul Ball, location: 2F 2-2: Foul Ball, location: 2F 2-2: Foul Ball, location: 2F 2-2: Fly out, F8 (Flyball, 8RM, EV 90.6 MPH)
|
| Top of the 2nd over - 0 runs, 1 hit, 0 errors, 1 left on base; Wisconsin 0 - Dayton 0 |
| BOTTOM OF THE 2ND |
|
Dayton Dragons batting - Pitching for Wisconsin Timber Rattlers : RHP Dustin Pryor
|
|
Batting: LHB Phil Lerner
|
0-0: Foul Ball, location: 2F 0-1: Ball 1-1: Ball 2-1: Ball 3-1: Base on Balls
|
|
Batting: RHB Nick Cottrell
|
0-0: Swinging Strike 0-1: Called Strike 0-2: Fly out, F7 (Flyball, 7S, EV 87.5 MPH)
|
|
Batting: RHB John Hopkins
|
0-0: Called Strike 0-1: Called Strike 0-2: Ball 1-2: DOUBLE (Flyball, 78D, EV 102.5 MPH) Phil Lerner to third Runner from 3rd tries for Home, throw by CF and OUT! 8-6-2
|
|
Batting: RHB Alex de Leon
|
0-0: Called Strike 0-1: Ball 1-1: Fly out, F8 (Line Drive, 8RM, EV 88.1 MPH)
|
| Bottom of the 2nd over - 0 runs, 1 hit, 0 errors, 1 left on base; Wisconsin 0 - Dayton 0 |
| TOP OF THE 3RD |
|
Wisconsin Timber Rattlers batting - Pitching for Dayton Dragons : RHP Kevin Larner
|
|
Batting: SHB Robert Sayer
|
0-0: Ball 1-0: Ball 2-0: Ball 3-0: Called Strike 3-1: Fly out, F8 (Flyball, 8RD, EV 103.1 MPH)
|
|
Batting: RHB Dustin Pryor
|
0-0: Ball 1-0: Ball 2-0: Fly out, F9 (Flyball, 9LM, EV 96.9 MPH)
|
|
Batting: RHB Victor Alarcon
|
0-0: Ball 1-0: Ball 2-0: Ball 3-0: Base on Balls
|
|
Batting: LHB Kwang-chih Men
|
0-0: Ball 1-0: Ball Victor Alarcon steals 2nd base 2-0: Foul Ball, location: 2F 2-1: Ground out U3 (Groundball, 3S, EV 76.2 MPH)
|
| Top of the 3rd over - 0 runs, 0 hits, 0 errors, 1 left on base; Wisconsin 0 - Dayton 0 |
| BOTTOM OF THE 3RD |
|
Dayton Dragons batting - Pitching for Wisconsin Timber Rattlers : RHP Dustin Pryor
|
|
Batting: LHB Chris Redhead
|
0-0: SINGLE (Line Drive, 34D, EV 97.5 MPH)
|
|
Batting: RHB Alex Villagomez
|
0-0: Called Strike 0-1: SINGLE (Groundball, 56, EV 98.8 MPH) Chris Redhead to second
|
|
Batting: RHB Randy Grewe
|
0-0: Ball 1-0: Foul Ball, location: 2F 1-1: Called Strike 1-2: Fielders Choice at 2nd, 4-6 (Groundball, 4MS, EV 75.6 MPH) Chris Redhead to third
|
|
Batting: SHB Jaivata Mohanty
|
0-0: Ball 1-0: Ball 2-0: Ball 3-0: Base on Balls Randy Grewe to second
|
|
Batting: RHB Juan Zamora
|
0-0: Called Strike 0-1: Foul Ball, location: 2F 0-2: Strikes out swinging
|
|
Batting: LHB Phil Lerner
|
0-0: Swinging Strike 0-1: Ball 1-1: Swinging Strike 1-2: Strikes out swinging
|
| Bottom of the 3rd over - 0 runs, 2 hits, 0 errors, 3 left on base; Wisconsin 0 - Dayton 0 |
| TOP OF THE 4TH |
|
Wisconsin Timber Rattlers batting - Pitching for Dayton Dragons : RHP Kevin Larner
|
|
Batting: LHB Tyler Francis
|
0-0: Called Strike 0-1: Ground out 6-3 (Groundball, 6, EV 85.0 MPH)
|
|
Batting: LHB Mark Backstrom
|
0-0: Ball 1-0: Called Strike 1-1: SINGLE (Groundball, 34, EV 95.6 MPH)
|
|
Batting: RHB Jose Cerritos
|
0-0: Ball 1-0: SINGLE (Line Drive, 89M, EV 105.6 MPH) Mark Backstrom to second
|
|
Batting: LHB Greg Reedy
|
0-0: Called Strike 0-1: DOUBLE (Line Drive, 9LD, EV 112.5 MPH) Mark Backstrom scores Jose Cerritos to third Runner from 3rd tries for Home, SAFE, throw by RF to home
|
|
Batting: RHB Dan Allred
|
0-0: Ball 1-0: Ball 2-0: Ground out 1-3 (Groundball, P, EV 73.8 MPH) Greg Reedy to third
|
|
Batting: SHB Robert Sayer
|
0-0: Called Strike 0-1: Foul Ball, location: 2F 0-2: Strikes out swinging
|
| Top of the 4th over - 2 runs, 3 hits, 0 errors, 1 left on base; Wisconsin 2 - Dayton 0 |
| BOTTOM OF THE 4TH |
|
Dayton Dragons batting - Pitching for Wisconsin Timber Rattlers : RHP Dustin Pryor
|
|
Batting: RHB Nick Cottrell
|
0-0: Called Strike 0-1: Ball 1-1: Swinging Strike 1-2: Ball 2-2: Ground out 3-1 (Groundball, 34, EV 87.5 MPH)
|
|
Batting: RHB John Hopkins
|
0-0: Called Strike 0-1: DOUBLE (Line Drive, 7LM, EV 111.2 MPH)
|
|
Batting: RHB Alex de Leon
|
0-0: Ball 1-0: Called Strike 1-1: Swinging Strike 1-2: Foul Ball, location: 2F 1-2: Ball 2-2: Ball 3-2: Base on Balls
|
|
Batting: LHB Chris Redhead
|
0-0: Called Strike 0-1: Ball 1-1: Foul Ball, location: 2F 1-2: Foul Ball, location: 2F 1-2: Ball 2-2: Ball 3-2: Base on Balls John Hopkins to third Alex de Leon to second
|
|
Batting: RHB Alex Villagomez
|
0-0: Ball 1-0: Swinging Strike 1-1: Called Strike 1-2: Strikes out looking
|
|
Batting: RHB Randy Grewe
|
0-0: Ball 1-0: Called Strike 1-1: Foul Ball, location: 2F 1-2: Ball Wild Pitch! John Hopkins scores Alex de Leon to third Chris Redhead to second 2-2: Fly out, F9 (Flyball, 9D, EV 101.9 MPH)
|
| Bottom of the 4th over - 1 run, 1 hit, 0 errors, 2 left on base; Wisconsin 2 - Dayton 1 |
| TOP OF THE 5TH |
|
Wisconsin Timber Rattlers batting - Pitching for Dayton Dragons : RHP Kevin Larner
|
|
Batting: RHB Dustin Pryor
|
0-0: Ball 1-0: Ball 2-0: Foul Ball, location: 2F 2-1: Swinging Strike 2-2: Foul Ball, location: 2F 2-2: Ground out 3-1 (Groundball, 34, EV 97.5 MPH)
|
|
Batting: RHB Victor Alarcon
|
0-0: Ground out U3 (Groundball, 23, EV 86.9 MPH)
|
|
Batting: LHB Kwang-chih Men
|
0-0: SINGLE (Groundball, 4MD, EV 107.5 MPH)
|
|
Batting: LHB Tyler Francis
|
0-0: Called Strike 0-1: Fly out, F8 (Flyball, 8LM, EV 95.6 MPH)
|
| Top of the 5th over - 0 runs, 1 hit, 0 errors, 1 left on base; Wisconsin 2 - Dayton 1 |
| BOTTOM OF THE 5TH |
|
Dayton Dragons batting - Pitching for Wisconsin Timber Rattlers : RHP Dustin Pryor
|
|
Batting: SHB Jaivata Mohanty
|
0-0: Ball 1-0: Ball 2-0: Swinging Strike 2-1: Ball 3-1: Base on Balls
|
|
Batting: RHB Juan Zamora
|
0-0: Called Strike 0-1: Grounds into double play, 4-6-3 (Groundball, 4, EV 88.1 MPH)
|
|
Pitching: LHP Paul Schumacher
|
|
|
Batting: LHB Phil Lerner
|
0-0: Hit by Pitch
|
|
Batting: RHB Nick Cottrell
|
0-0: Fielders Choice at 2nd, 6-4 (Groundball, 6, EV 90.6 MPH)
|
| Bottom of the 5th over - 0 runs, 0 hits, 0 errors, 1 left on base; Wisconsin 2 - Dayton 1 |
| TOP OF THE 6TH |
|
Wisconsin Timber Rattlers batting - Pitching for Dayton Dragons : RHP Kevin Larner
|
|
Batting: LHB Mark Backstrom
|
0-0: Called Strike 0-1: Ground out 6-3 (Groundball, 4MD, EV 105.0 MPH)
|
|
Batting: RHB Jose Cerritos
|
0-0: Swinging Strike 0-1: Ball 1-1: Foul Ball, location: 2F 1-2: Ball 2-2: Ball 3-2: DOUBLE (Line Drive, 7LM, EV 106.9 MPH)
|
|
Batting: LHB Greg Reedy
|
0-0: Called Strike 0-1: Ball 1-1: Called Strike 1-2: Foul Ball, location: 2F 1-2: Foul Ball, location: 2F 1-2: Ball 2-2: Ball 3-2: Foul Ball, location: 2F 3-2: Base on Balls
|
|
Batting: RHB Dan Allred
|
0-0: Ball 1-0: Foul Ball, location: 2F 1-1: Called Strike 1-2: Foul Ball, location: 2F 1-2: Strikes out swinging
|
|
Batting: SHB Robert Sayer
|
0-0: Called Strike 0-1: TRIPLE (Line Drive, 8RXD, EV 110.6 MPH) Jose Cerritos scores Greg Reedy scores
|
|
Batting: RHB Dustin Pryor
|
0-0: Foul Ball, location: 2F 0-1: Foul Ball, location: 2F 0-2: Ball 1-2: Foul Ball, location: 2F 1-2: Ball 2-2: Foul Ball, location: 2F 2-2: Ball 3-2: Foul Ball, location: 2F 3-2: SINGLE (Groundball, 4MS, EV 66.2 MPH) (infield hit) Robert Sayer scores
|
|
Batting: RHB Victor Alarcon
|
0-0: Called Strike 0-1: Ball 1-1: Swinging Strike 1-2: Foul Ball, location: 2F 1-2: Strikes out looking
|
| Top of the 6th over - 3 runs, 3 hits, 0 errors, 1 left on base; Wisconsin 5 - Dayton 1 |
| BOTTOM OF THE 6TH |
|
Dayton Dragons batting - Pitching for Wisconsin Timber Rattlers : LHP Paul Schumacher
|
|
Batting: RHB John Hopkins
|
0-0: SINGLE (Groundball, 6MS, EV 66.9 MPH) (infield hit)
|
|
Batting: RHB Alex de Leon
|
0-0: Foul Ball, location: 2F 0-1: Swinging Strike 0-2: Ball 1-2: Ball 2-2: Foul Ball, location: 2F 2-2: Ball 3-2: Foul Ball, location: 2F 3-2: Strikes out swinging John Hopkins is caught stealing 2nd base 2-4 Batter strikes out.
|
|
Batting: LHB Chris Redhead
|
0-0: Ball 1-0: Ball 2-0: Foul Ball, location: 2F 2-1: Ground out 4-3 (Groundball, 4, EV 85.6 MPH)
|
| Bottom of the 6th over - 0 runs, 1 hit, 0 errors, 0 left on base; Wisconsin 5 - Dayton 1 |
| TOP OF THE 7TH |
|
Wisconsin Timber Rattlers batting - Pitching for Dayton Dragons : RHP Kevin Larner
|
|
Batting: LHB Kwang-chih Men
|
0-0: Swinging Strike 0-1: Ball 1-1: Foul Ball, location: 2F 1-2: Ball 2-2: Foul Ball, location: 2F 2-2: Foul Ball, location: 2F 2-2: Foul Ball, location: 2F 2-2: Ball 3-2: DOUBLE (Flyball, 78D, EV 94.4 MPH)
|
|
Batting: LHB Tyler Francis
|
0-0: Ball 1-0: Called Strike 1-1: Swinging Strike 1-2: Foul Ball, location: 2F 1-2: Foul Ball, location: 2F 1-2: Fly out, F8 (Line Drive, 8LM, EV 103.1 MPH)
|
|
Pitching: RHP In Bea
|
|
|
Batting: LHB Mark Backstrom
|
0-0: Called Strike 0-1: Ball 1-1: Foul Ball, location: 2F 1-2: Ball 2-2: Ball 3-2: Foul Ball, location: 2F 3-2: Base on Balls
|
|
Batting: RHB Jose Cerritos
|
0-0: Ball 1-0: DOUBLE (Line Drive, 9LM, EV 99.4 MPH) Kwang-chih Men scores Mark Backstrom to third
|
|
Batting: LHB Greg Reedy
|
0-0: Called Strike 0-1: Swinging Strike 0-2: Ball 1-2: Ball 2-2: Ball 3-2: Base on Balls
|
|
Batting: RHB Dan Allred
|
0-0: Called Strike 0-1: Grounds into double play, 4-6-3 (Groundball, 4, EV 80.6 MPH)
|
| Top of the 7th over - 1 run, 2 hits, 0 errors, 2 left on base; Wisconsin 6 - Dayton 1 |
| BOTTOM OF THE 7TH |
|
Dayton Dragons batting - Pitching for Wisconsin Timber Rattlers : LHP Paul Schumacher
|
|
Batting: RHB Alex Villagomez
|
0-0: Called Strike 0-1: Ball 1-1: Ball 2-1: Called Strike 2-2: Strikes out swinging
|
|
Batting: RHB Randy Grewe
|
0-0: Ball 1-0: Ground out 4-3 (Groundball, 4, EV 83.1 MPH)
|
|
Batting: SHB Jaivata Mohanty
|
0-0: Foul Ball, location: 2F 0-1: Foul Ball, location: 2F 0-2: Ball 1-2: Foul Ball, location: 2F 1-2: Ball 2-2: SINGLE (Line Drive, 3D, EV 95.0 MPH)
|
|
Pitching: RHP Ernie Borden
|
|
|
Batting: RHB Juan Zamora
|
0-0: Ball 1-0: Fielders Choice at 2nd, 6-4 (Groundball, 6, EV 80.6 MPH)
|
| Bottom of the 7th over - 0 runs, 1 hit, 0 errors, 1 left on base; Wisconsin 6 - Dayton 1 |
| TOP OF THE 8TH |
|
Wisconsin Timber Rattlers batting - Pitching for Dayton Dragons : RHP In Bea
|
|
Batting: SHB Robert Sayer
|
0-0: Ball 1-0: SINGLE (Groundball, 34D, EV 96.2 MPH)
|
|
Batting: RHB Dustin Pryor
|
0-0: Ball 1-0: Called Strike 1-1: Foul Ball, location: 2F 1-2: Ball 2-2: SINGLE (Groundball, 56S, EV 72.5 MPH) (infield hit) Robert Sayer to second
|
|
Batting: RHB Victor Alarcon
|
0-0: Called Strike 0-1: Foul Ball, location: 2F 0-2: Hit by Pitch Robert Sayer to third Dustin Pryor to second
|
|
Batting: LHB Kwang-chih Men
|
0-0: Ball 1-0: Ball 2-0: Foul Ball, location: 2F 2-1: Swinging Strike 2-2: Ball 3-2: SINGLE (Groundball, 34D, EV 98.1 MPH) Robert Sayer scores Dustin Pryor to third Victor Alarcon to second Runner from 3rd tries for Home, SAFE, throw by RF to home
|
|
Pinch Hitting: RHB Juan Villanueva
|
0-0: Called Strike 0-1: SINGLE (Groundball, 56D, EV 100.6 MPH) Victor Alarcon to third Kwang-chih Men to second Runner from 3rd tries for Home, SAFE, throw by LF to home
|
|
Batting: LHB Mark Backstrom
|
0-0: Ball 1-0: Foul Ball, location: 2F 1-1: Swinging Strike 1-2: Hit by Pitch Kwang-chih Men to third Juan Villanueva to second
|
|
Batting: RHB Jose Cerritos
|
0-0: Ball 1-0: Foul Ball, location: 2F 1-1: SINGLE (Groundball, 4D, EV 103.1 MPH) Kwang-chih Men scores Juan Villanueva to third Mark Backstrom to second
|
|
Batting: LHB Greg Reedy
|
0-0: Ball 1-0: Swinging Strike 1-1: Ball 2-1: Foul Ball, location: 2F 2-2: Foul Ball, location: 2F 2-2: Foul Ball, location: 2F 2-2: Ball 3-2: Foul Ball, location: 2F 3-2: Base on Balls Juan Villanueva scores Mark Backstrom to third Jose Cerritos to second
|
|
Pitching: RHP Jay Harrison
|
|
|
Batting: RHB Dan Allred
|
0-0: Swinging Strike 0-1: Swinging Strike 0-2: Ball 1-2: Foul Ball, location: 2F 1-2: SINGLE (Groundball, 6MD, EV 100.0 MPH) Mark Backstrom scores Jose Cerritos to third Greg Reedy to second
|
|
Batting: SHB Robert Sayer
|
0-0: Called Strike 0-1: Fly out, F8 (Flyball, 8LD, EV 98.8 MPH) Runner from 3rd tags up, SCORES, throw by CF
|
|
Batting: RHB Dustin Pryor
|
0-0: Grounds into double play, 5-4-3 (Groundball, 56S, EV 89.4 MPH)
|
| Top of the 8th over - 7 runs, 6 hits, 0 errors, 1 left on base; Wisconsin 13 - Dayton 1 |
| BOTTOM OF THE 8TH |
|
Dayton Dragons batting - Pitching for Wisconsin Timber Rattlers : RHP Ernie Borden
|
|
Now in LF: Steven Donovan
|
|
|
Pinch Hitting: LHB Elias Posada
|
0-0: Called Strike 0-1: Ball 1-1: Ball 2-1: Foul Ball, location: 2F 2-2: Strikes out swinging
|
|
Batting: RHB Nick Cottrell
|
0-0: Ball 1-0: Ball 2-0: Ball 3-0: Called Strike 3-1: Foul Ball, location: 2F 3-2: Ground out 6-3 (Groundball, 6, EV 89.4 MPH)
|
|
Batting: RHB John Hopkins
|
0-0: Ball 1-0: Ball 2-0: Called Strike 2-1: Foul Ball, location: 2F 2-2: SINGLE (Line Drive, 78S, EV 105.6 MPH)
|
|
Batting: RHB Alex de Leon
|
0-0: Ball 1-0: Foul Ball, location: 2F 1-1: Foul Ball, location: 2F 1-2: Strikes out swinging
|
| Bottom of the 8th over - 0 runs, 1 hit, 0 errors, 1 left on base; Wisconsin 13 - Dayton 1 |
| TOP OF THE 9TH |
|
Wisconsin Timber Rattlers batting - Pitching for Dayton Dragons : RHP Jay Harrison
|
|
Now in RF: Elias Posada
|
|
|
Batting: RHB Victor Alarcon
|
0-0: Called Strike 0-1: Ball 1-1: Ball 2-1: Called Strike 2-2: Ball 3-2: Base on Balls
|
|
Batting: LHB Kwang-chih Men
|
0-0: Swinging Strike 0-1: Ball 1-1: Swinging Strike 1-2: Ball 2-2: DOUBLE (Flyball, 89XD, EV 100.0 MPH) Victor Alarcon to third
|
|
Batting: LHB Steven Donovan
|
0-0: Ball 1-0: Foul Ball, location: 2F 1-1: Ball 2-1: Foul Ball, location: 2F 2-2: SINGLE (Groundball, 56D, EV 100.6 MPH) Victor Alarcon scores Kwang-chih Men to third Runner from 3rd tries for Home, SAFE, throw by LF to home
|
|
Batting: LHB Mark Backstrom
|
Balk! Steven Donovan to second 0-0: Ball 1-0: Foul Ball, location: 2F 1-1: SINGLE (Groundball, 6MD, EV 93.8 MPH) Steven Donovan to third Runner from 3rd tries for Home, SAFE, throw by CF to home
|
|
Batting: RHB Jose Cerritos
|
0-0: Ball 1-0: Swinging Strike 1-1: Swinging Strike 1-2: Strikes out swinging
|
|
Batting: LHB Greg Reedy
|
0-0: Ball 1-0: Fielders Choice at 2nd, 6-4 (Groundball, 6, EV 78.8 MPH)
|
|
Batting: RHB Dan Allred
|
0-0: Foul Ball, location: 2F 0-1: SINGLE (Groundball, 25, EV 68.8 MPH) (infield hit) Greg Reedy to second
|
|
Batting: SHB Robert Sayer
|
0-0: Ball 1-0: Ball 2-0: Ball 3-0: Base on Balls Greg Reedy to third Dan Allred to second
|
|
Batting: RHB Dustin Pryor
|
0-0: Ball 1-0: Ball 2-0: Called Strike 2-1: Called Strike 2-2: Ball 3-2: Ground out 6-3 (Groundball, 6, EV 85.6 MPH)
|
| Top of the 9th over - 3 runs, 4 hits, 0 errors, 3 left on base; Wisconsin 16 - Dayton 1 |
| BOTTOM OF THE 9TH |
|
Dayton Dragons batting - Pitching for Wisconsin Timber Rattlers : RHP Ernie Borden
|
|
Pinch Hitting: RHB Alex Juarez
|
0-0: Ball 1-0: Called Strike 1-1: Ground out 4-3 (Groundball, 4M, EV 106.2 MPH)
|
|
Pinch Hitting: RHB Lee Wright
|
0-0: Called Strike 0-1: Swinging Strike 0-2: Strikes out looking
|
|
Pinch Hitting: RHB Bobby Matyas
|
0-0: Called Strike 0-1: Swinging Strike 0-2: Ball 1-2: Foul Ball, location: 2F 1-2: Ball 2-2: Ball 3-2: Strikes out looking
|
| Bottom of the 9th over - 0 runs, 0 hits, 0 errors, 0 left on base; Wisconsin 16 - Dayton 1 |
|